 Dungeon Crawl Stone Soup version 0.27-a0-385-g3208abaabc (webtiles) character file.

Game seed: 15059559439201715848

38 halftheisland the Sneak (level 3, -6/16 HPs)
             Began as a Spriggan Enchanter on Feb 19, 2021.
             Mangled by Sigmund
             ... wielding a +0 scythe
              (9 damage)
             ... on level 2 of the Dungeon.
             The game lasted 00:06:17 (1637 turns).

halftheisland the Sneak (Spriggan Enchanter)        Turns: 1637, Time: 00:06:19

Health: -6/16      AC:  2    Str:  3 (4)  XL:     3   Next: 25%
Magic:  3/8        EV: 17    Int: 13 (16) God:
Gold:   36         SH:  0    Dex: 13 (16) Spells: 5/8 levels left

rFire    . . .     SeeInvis +   a - +1 dagger
rCold    + . .     Faith    .   (shield restricted)
rNeg     . . .     Spirit   .   b - +0 robe
rPois    .         Reflect  .   (helmet restricted)
rElec    .         Harm     .   (no cloak)
rCorr    .         Rampage  .   (gloves unavailable)
Will     .....                  (boots unavailable)
Stlth    +++.......             (no amulet)
HPRegen  0.05/turn              e - ring of protection from cold
MPRegen  0.11/turn              (no ring)

@: very quick
A: very small, unfitting armour, see invisible, speed 3
a: no special abilities


You were on level 2 of the Dungeon.
You visited 1 branch of the dungeon, and saw 2 of its levels.

You collected 36 gold pieces.

Inventory:

Hand Weapons
 a - a +1 dagger (weapon)
 g - a +0 hunting sling
Missiles
 h - 47 stones
Armour
 b - a +0 robe (worn)
Jewellery
 e - a ring of protection from cold (left hand)


   Skills:
 * Level 1.5 Short Blades
 + Level 2.7 Dodging
 * Level 5.3 Stealth
 * Level 3.0 Spellcasting
 + Level 4.2 Hexes
 + Level 0.2 Ice Magic


You had 5 spell levels left.
You knew the following spells:

 Your Spells              Type           Power        Failure   Level
a - Corona                Hex            14%          4%          1
b - Ensorcelled Hibernat  Hex/Ice        14%          14%         2

Your spell library contained the following spells:

 Spells                   Type           Power        Failure   Level
 Confusing Touch          Hex            13%          12%         3
 Tukima's Dance           Hex            13%          12%         3
 Dazzling Flash           Conj/Hex       14%          28%         3


Dungeon Overview and Level Annotations

Branches:
Dungeon (2/15)

Altars:
Trog

Annotations:
D:2 Sigmund


Innate Abilities, Weirdness & Mutations

You are very small and have problems with some larger weapons.
You are too small for most types of armour.
You have supernaturally acute eyesight. (SInv)
You cover ground extremely quickly.


Message History

Casting: Ensorcelled Hibernation (safe; 14% risk of failure)
Confirm with . or Enter, or press ? or * to list all spells.
Aiming: Ensorcelled Hibernation (safe; 14% risk of failure)
Press: ? - help, Shift-Dir - straight line, f - Sigmund
Aim: Sigmund, wielding a +0 scythe and wearing a +0 robe (chance to affect: 48%) Sigmund resists with some effort.
Sigmund points at you and mumbles some strange words.
The magic dart hits you!
Ouch! That really hurt!
Sigmund points at you and mumbles some strange words.
You are confused.
You're too confused to cast spells.
You're too confused to move!
Sigmund gestures at himself while chanting.
Sigmund flickers and vanishes for a moment.
You aren't carrying any potions.
You bump into the rock wall.
Sigmund casts a spell at you. The magic dart hits you.
* * * LOW HITPOINT WARNING * * *
Unknown command.
You bump into the rock wall.
You bump into the rock wall.
You bump into the rock wall.
You feel less confused.
Casting: Ensorcelled Hibernation (safe; 14% risk of failure)
Confirm with . or Enter, or press ? or * to list all spells.
Aiming: Ensorcelled Hibernation (safe; 14% risk of failure)
Press: ? - help, Shift-Dir - straight line, f/p - Sigmund
Aim: Sigmund, wielding a +0 scythe and wearing a +0 robe (slightly transparent, chance to affect: 48%) Sigmund resists with some effort.
Casting: Ensorcelled Hibernation (safe; 14% risk of failure)
Confirm with . or Enter, or press ? or * to list all spells.
Aiming: Ensorcelled Hibernation (safe; 14% risk of failure)
Press: ? - help, Shift-Dir - straight line, f/p - Sigmund
Aim: Sigmund, wielding a +0 scythe and wearing a +0 robe (slightly transparent, chance to affect: 48%) Sigmund resists with some effort.
Sigmund hits you from afar with a +0 scythe!
Ouch! That really hurt!
You die...

#########
#........
#........
#####........
######..........).
#......######.####
#.###### #..###
#.# ##.... #@#
####. #.# ## #@# #
#.# # #.# # #.#
#.# ##### #.#
..... #.# #####


You could see Sigmund (invisible).

Vanquished Creatures
  2 adders (D:2)
  A ball python (D:2)
  5 bats
  5 goblins
  A kobold (D:1)
  3 frilled lizards
  4 rats
21 creatures vanquished.

Notes
Turn   | Place    | Note
-------+----------+-------------------------------------------
     0 | D:1      | halftheisland the Spriggan Enchanter began the quest for
                  | the Orb.
     0 | D:1      | Reached XP level 1. HP: 9/9 MP: 5/5
   592 | D:1      | Reached skill level 5 in Stealth
   592 | D:1      | Reached XP level 2. HP: 12/13 MP: 4/6
   615 | D:1      | Learned a level 2 spell: Ensorcelled Hibernation
   621 | D:1      | You fall into a shaft and drop 1 floor!
   632 | D:2      | Found a bloodstained altar of Trog.
   874 | D:2      | Reached XP level 3. HP: 2/16 MP: 1/8
  1621 | D:2      | Noticed Sigmund
  1637 | D:2      | Mangled by Sigmund

Illustrated notes

Levels and vault maps discovered:
D:1:      minmay_arrival_floating_metal, layout_loops_corners
D:2:      layout_rooms, lemuel_statue_altar, uniq_robin, uniq_sigmund

Skill      XL: |  1  2  3 |
---------------+----------+-----
Stealth        | 5 |  5.3
Hexes          | 4 |  4.2
Spellcasting   | 3 |  3.0
Short Blades   | |  1.5
Dodging        | |  2.7
Ice Magic      | |  0.2

Action                   || total
-------------------------++-------
Melee: Dagger            ||    45
 Cast: Corona            ||     2
       Ensorcelled Hiber ||    15
  Use: Scroll            ||     2
       Potion            ||     3
 Stab: Sleeping          ||    12
       Invisible         ||     3
Armor: Robe              ||     4
Dodge: Dodged            ||    45

Table legend: (Time is in decaauts)
 A = Elapsed time spent in this place.
 B = Non-inter-level travel time spent in this place.
 C = Inter-level travel time spent in this place.
 D = Time resting spent in this place.
 E = Time spent auto-exploring this place.
 F = Levels seen in this place.
 G = Mean time per level.
                   A        B        C        D        E       F      G
               +--------+--------+--------+--------+--------+-----+--------+
         Total |   1360 |   1360 |      0 |    861 |    350 |   2 |  680.0 |
       Dungeon |   1360 |   1360 |      0 |    861 |    350 |   2 |  680.0 |
               +--------+--------+--------+--------+--------+-----+--------+

Top non-repeatable levels by time:
     D:2: 921 daAuts
     D:1: 439 daAuts
